 Dungeon Sprint DCSS version 0.26-a0-690-gcb57259078 (webtiles) character file.

Game seed: 3097366543624552459

23002 mhtbhm the Phalangite (level 12, -19/124 HPs)
             Began as a Purple Draconian Berserker on Oct 24, 2020.
             Was the Champion of Trog.
             Shot with a sling bullet by a satyr (33 damage)
             ... in the Dungeon (Sprint IX: "|||||||||||||||||||||||||||||").
             The game lasted 00:08:41 (3874 turns).

mhtbhm the Phalangite (Purple Draconian Berserker)  Turns: 3874, Time: 00:08:41

Health: -19/124    AC: 11    Str: 27    XL:     12   Next: 68%
Magic:  12/12      EV: 14    Int: 17    God:    Trog [******]
Gold:   931        SH:  5    Dex: 11    Spells: 11/11 levels left

rFire    . . .     SeeInvis .   r - +8 glaive of Midwinter {vorpal, rN++ MR+ Int+3}
rCold    . . .     Faith    .   (shield currently unavailable)
rNeg     + + +     Spirit   .   (armour unavailable)
rPois    +         Reflect  +   (helmet restricted)
rElec    +         Harm     .   (no cloak)
rCorr    .         Rampage  .   k - +1 pair of gloves
MR       ++...     NoTele   +   m - +0 pair of boots
Stlth    +++.......             v - amulet of reflection
HPRegen  0.30/turn              u - ring "Cerofita" {rElec rPois rN++ EV-4 Int+2}
MPRegen  0.13/turn              l - +3 ring of strength

@: afraid, berserk cooldown, slowed, very slow
A: breathe power, unfitting armour, clever 2, cold-blooded, subdued magic 1, AC
+8
a: Breathe Dispelling Energy, Berserk, Trog's Hand, Brothers in Arms, Renounce
Religion


You were in the Dungeon.
You worshipped Trog.
Trog was exalted by your worship.
You visited 1 branch You collected 1962 gold pieces.
You spent 1031 gold pieces at shops.

Inventory:

Hand Weapons
 a - a +7 bardiche of flaming
 r - the +8 glaive of Midwinter (weapon) {vorpal, rN++ MR+ Int+3}
   (Trog gifted it to you in the Dungeon)

   It inflicts extra damage upon your enemies.
   It affects your intelligence (+3).
   It greatly protects you from negative energy.
   It affects your resistance to hostile enchantments.
Missiles
 q - 5 curare-tipped darts (quivered)
 w - 4 throwing nets
Armour
 k - a +1 pair of gloves (worn)
 m - a +0 pair of boots (worn)
Jewellery
 l - a +3 ring of strength (right hand)
 u - the ring "Cerofita" (left hand) {rElec rPois rN++ EV-4 Int+2}
   (You bought it in a shop in the Dungeon)

   [ring of evasion]

   It affects your evasion (-4).
   It affects your intelligence (+2).
   It insulates you from electricity.
   It protects you from poison.
   It greatly protects you from negative energy.
 v - an amulet of reflection (around neck)
 y - an uncursed ring of protection from magic
Wands
 j - a wand of iceblast (10)
Scrolls
 g - a scroll of blinking
 i - 4 scrolls of remove curse
 n - 4 scrolls of identify
 o - 4 scrolls of enchant weapon
 p - a scroll of fog
 s - 3 scrolls of enchant armour
 t - a scroll of magic mapping
Potions
 b - 5 potions of curing
 c - 9 potions of heal wounds
 d - 3 potions of haste
 e - 4 potions of magic
 f - 3 potions of berserk rage
 h - a potion of invisibility


   Skills:
 + Level 16.8 Fighting
 * Level 23.4 Polearms
 + Level 11.7 Dodging
 - Level 7.0 Stealth


You had 11 spell levels left.
You didn't know any spells.
Your spell library was empty.

Dungeon Overview and Level Annotations

Branches:
Dungeon (1/1)

Altars:
Cheibriados
Dithmenos
Elyvilon
Fedhas
Gozag
Hepliaklqana
Kikubaaqudgha
Makhleb
Nemelex Xobeh
Okawaru
Qazlal
Ru
Sif Muna
Trog
Uskayaw
Vehumet
Wu Jian
Xom
Yredelemnul
Zin
The Shining One
Beogh
Jiyva
Lugonu

Shops:
D :?[=


Innate Abilities, Weirdness & Mutations

You can breathe bolts of dispelling energy.
Your rich purple scales are hard. (AC +8)
You cannot fit into any form of body armour.
You are cold-blooded and may be slowed by cold attacks.
Your mind is very acute. (Int +4)
Your spells are a little easier to cast, but a little less powerful.


Message History

Unknown command.
You slash the satyr!
The satyr is almost dead.
The merfolk misses you.
Unknown command.
The satyr plays a frightful melody on his pipes!
The satyr radiates an aura of fear!
You are terrified of the satyr!
There is an open door to the Shoals, spattered with blood here.
Unknown command.
Unknown command.
You feel a strong urge to attack something.
You are no longer berserk.
Trog's vigour flows through your veins.
You are exhausted.
You feel yourself slow down.
The merfolk siren chants a haunting song.
You resist with almost no effort.
The satyr shoots a sling bullet.
The sling bullet hits you!!
You die...

▓▓▓▓▓▓▓♣♣♣♣♣♣♣♣♣♣▓▓▓▓▓▓▓▓▓
......))....(...@')cmSmmC.
▓▓▓▓▓▓▓♣♣♣♣♣♣♣♣♣♣▓▓▓▓▓▓▓▓▓▓▓▓▓▓▓▓
.................................
▓▓▓▓▓▓▓▓▓▓▓▓▓▓▓▓▓▓▓▓▓▓▓▓▓▓▓▓▓▓▓▓▓
.'....=)))))))).[[[[[[[[.........
▓▓▓▓▓▓▓▓▓▓▓▓▓▓▓▓▓▓▓▓▓▓▓▓▓▓▓▓▓▓▓▓▓
...................))............
▓▓▓▓▓▓▓▓▓▓▓▓▓▓▓▓▓▓▓▓▓▓▓▓▓▓▓▓▓▓▓▓▓
.....')).)))).....)'))))).......'


You could see a merfolk javelineer, a satyr (scary), a sea snake, a merfolk and
a merfolk siren.

Vanquished Creatures
  2 very ugly things (D)
  An ettin (D)
  A merfolk impaler (D)
  A yaktaur captain (D)
  A great orb of eyes (D)
  Harold (D)
  3 hydras (D)
  A boulder beetle (D)
  A centaur warrior (D)
  A hell knight (D)
  A spriggan druid (D)
  A swamp dragon (D)
  6 orc knights (D)
  2 ugly things (D)
  A moth of wrath (D)
  A black mamba (D)
  3 cane toads (D)
  A rime drake (D)
  A jumping spider (shapeshifter) (D)
  A wind drake (D)
  A blink frog (D)
  A slime creature (D)
  A shadow (D)
  A wyvern (D)
  A yak (D)
  Eustachio (D)
  A steam dragon (D)
  A warg (D)
  3 insubstantial wisps (D)
  3 hell hounds (D)
  3 water moccasins (D)
  15 orc warriors (D)
  5 wolves (D)
  A centaur (D)
  An ogre (D)
  5 bullfrogs (D)
  A scorpion (D)
  A wight (D)
  A jelly (D)
  4 orc priests (D)
  3 hounds (D)
  2 orc wizards (D)
  A worker ant (D)
  2 adders (D)
  A white imp (D)
  A leopard gecko (D)
  7 orcs (D)
  A bat zombie (D)
  A giant cockroach (D)
  A hobgoblin (D)
  A jackal (D)
  A kobold (D)
  2 quokkas (D)
  A bat (D)
  A quokka zombie (D)
108 creatures vanquished.

Vanquished Creatures (collateral kills)
  A stone giant (D)
  A rakshasa (D)
  Sonja (D)
  A komodo dragon (D)
  4 orc warriors (D)
  An orc priest (D)
9 creatures vanquished.

Grand Total: 117 creatures vanquished

Notes
Turn   | Place    | Note
-------+----------+-------------------------------------------
     0 | D        | mhtbhm the Draconian Berserker began the quest for the Orb.
     0 | D        | Reached XP level 1. HP: 19/19 MP: 1/1
    13 | D        | Reached ** piety under Trog
    92 | D        | Noticed a hound
    92 | D        | Noticed an ogre
    92 | D        | Noticed a worker ant
    97 | D        | Killed a hound
    97 | D        | Reached skill level 5 in Fighting
    97 | D        | Reached skill level 4 in Polearms
    97 | D        | Reached XP level 2. HP: 29/29 MP: 2/2
    97 | D        | Reached XP level 3. HP: 36/36 MP: 3/3
    99 | D        | Killed an ogre
    99 | D        | Reached *** piety under Trog
    99 | D        | Reached skill level 6 in Polearms
    99 | D        | Reached skill level 5 in Dodging
    99 | D        | Reached skill level 1 in Stealth
    99 | D        | Reached XP level 4. HP: 45/45 MP: 4/4
   102 | D        | Reached XP level 5. HP: 52/52 MP: 5/5
   135 | D        | Found a roughly hewn altar of Beogh.
   135 | D        | Found a snail-covered altar of Cheibriados.
   135 | D        | Found a shadowy altar of Dithmenos.
   135 | D        | Found a white marble altar of Elyvilon.
   135 | D        | Found a blossoming altar of Fedhas.
   135 | D        | Found an opulent altar of Gozag.
   136 | D        | Found a hazy altar of Hepliaklqana.
   151 | D        | Found a viscous altar of Jiyva.
   152 | D        | Found an ancient bone altar of Kikubaaqudgha.
   153 | D        | Found a corrupted altar of Lugonu.
   154 | D        | Found a burning altar of Makhleb.
   155 | D        | Found a sparkling altar of Nemelex Xobeh.
   156 | D        | Found an iron altar of Okawaru.
   157 | D        | Found a stormy altar of Qazlal.
   158 | D        | Found a sacrificial altar of Ru.
   159 | D        | Found a shimmering blue altar of Sif Muna.
   160 | D        | Found a bloodstained altar of Trog.
   161 | D        | Found a hide-covered altar of Uskayaw.
   162 | D        | Found a radiant altar of Vehumet.
   163 | D        | Found an ornate altar of the Wu Jian Council.
   164 | D        | Found a shimmering altar of Xom.
   165 | D        | Found a basalt altar of Yredelemnul.
   166 | D        | Found a glowing silver altar of Zin.
   167 | D        | Found a glowing golden altar of the Shining One.
   218 | D        | Reached **** piety under Trog
   227 | D        | Reached skill level 7 in Polearms
   231 | D        | Reached ***** piety under Trog
   276 | D        | Noticed a centaur
   276 | D        | Noticed a wind drake
   281 | D        | Killed a centaur
   281 | D        | Reached skill level 8 in Polearms
   281 | D        | Reached XP level 6. HP: 61/61 MP: 6/6
   281 | D        | Noticed an elephant
   281 | D        | a wind drake changed into an elephant
   287 | D        | Noticed a jumping spider
   287 | D        | an elephant changed into a jumping spider
   291 | D        | Killed a jumping spider
   291 | D        | Reached skill level 9 in Polearms
   291 | D        | Your scales start taking on a rich purple colour.
   291 | D        | Reached XP level 7. HP: 70/70 MP: 7/7
   453 | D        | Noticed a rime drake
   453 | D        | Noticed a cane toad
   454 | D        | Noticed a cane toad
   458 | D        | Reached skill level 10 in Polearms
   459 | D        | Reached skill level 10 in Fighting
   463 | D        | Killed a rime drake
   463 | D        | Reached skill level 11 in Polearms
   463 | D        | Noticed a steam dragon
   467 | D        | Killed a cane toad
   467 | D        | Reached ****** piety under Trog
   467 | D        | Reached XP level 8. HP: 82/82 MP: 8/8
   471 | D        | Received a gift from Trog
   471 | D        | Reached skill level 12 in Polearms
   479 | D        | Killed a cane toad
   481 | D        | Reached skill level 5 in Stealth
   845 | D        | Noticed a black mamba
   845 | D        | Noticed a six-headed hydra
   846 | D        | Noticed a blink frog
   849 | D        | Noticed a five-headed hydra
   852 | D        | Killed a black mamba
   852 | D        | Reached skill level 13 in Polearms
   852 | D        | Reached skill level 10 in Dodging
   852 | D        | Reached XP level 9. HP: 90/90 MP: 9/9
   857 | D        | Killed a ten-headed hydra
   857 | D        | Reached skill level 14 in Polearms
  1169 | D        | Received a gift from Trog
  1217 | D        | Killed a two-headed hydra
  1217 | D        | Reached skill level 15 in Polearms
  1217 | D        | Reached XP level 10. HP: 71/101 MP: 10/10
  1441 | D        | Received a gift from Trog
  1667 | D        | Noticed Eustachio
  1674 | D        | Killed Eustachio
  1684 | D        | Noticed Sonja
  1707 | D        | Killed Sonja
  1707 | D        | Received a gift from Trog
  1707 | D        | Reached skill level 16 in Polearms
  2002 | D        | Received a gift from Trog
  2061 | D        | Noticed an orc knight
  2069 | D        | Killed an orc knight
  2072 | D        | Noticed an orc knight
  2072 | D        | Received a gift from Trog
  2077 | D        | Reached skill level 17 in Polearms
  2082 | D        | Killed an orc knight
  2090 | D        | Received a gift from Trog
  2097 | D        | Got a polished glaive {god gift}
  2098 | D        | Identified the +8 glaive of Midwinter {vorpal, rN++ MR+
                  | Int+3} (Trog gifted it to you in the Dungeon)
  2364 | D        | Found Duhegiukk's Book Emporium.
  2364 | D        | Noticed an orc knight
  2364 | D        | Noticed an orc knight
  2372 | D        | Killed an orc knight
  2372 | D        | Reached XP level 11. HP: 111/111 MP: 11/11
  2379 | D        | Killed an orc knight
  2379 | D        | Reached skill level 18 in Polearms
  2380 | D        | Found Feocaosh's Magic Scroll Shoppe.
  2390 | D        | Received a gift from Trog
  2392 | D        | Found Zuyk's Armour Emporium.
  2435 | D        | Found Mire's Jewellery Shoppe.
  2439 | D        | Noticed an orc knight
  2441 | D        | Noticed an orc knight
  2451 | D        | Killed an orc knight
  2456 | D        | Killed an orc knight
  2464 | D        | Reached skill level 19 in Polearms
  2524 | D        | Bought a scroll of enchant armour for 105 gold pieces
  2524 | D        | Bought a scroll of magic mapping for 49 gold pieces
  2524 | D        | Bought a scroll of enchant weapon for 105 gold pieces
  2529 | D        | Bought the cursed ring "Cerofita" {rElec rPois rN++ EV-4
                  | Int+2} for 382 gold pieces
  2529 | D        | Bought an uncursed amulet of reflection for 390 gold pieces
  2648 | D        | Noticed Harold
  2662 | D        | Killed Harold
  2662 | D        | Received a gift from Trog
  2662 | D        | Reached skill level 15 in Fighting
  2832 | D        | Gained mutation: Your spells are a little easier to cast,
                  | but a little less powerful. [potion of mutation]
  2832 | D        | Gained mutation: Your mind is acute. (Int +2) [potion of
                  | mutation]
  2832 | D        | Gained mutation: Your mind is very acute. (Int +4) [potion
                  | of mutation]
  2842 | D        | Noticed a centaur warrior
  2842 | D        | Noticed a green ugly thing
  2842 | D        | Noticed a red ugly thing
  2843 | D        | Noticed a boulder beetle
  2848 | D        | Killed a centaur warrior
  2852 | D        | Killed a red ugly thing
  2856 | D        | Killed a red ugly thing
  2856 | D        | Reached skill level 20 in Polearms
  2861 | D        | Noticed a yaktaur captain
  2865 | D        | Killed a boulder beetle
  2867 | D        | Noticed a rakshasa
  2867 | D        | Noticed a stone giant
  2871 | D        | Killed a yaktaur captain
  2871 | D        | Received a gift from Trog
  2877 | D        | Killed a rakshasa
  2880 | D        | Killed a stone giant
  2880 | D        | Reached skill level 21 in Polearms
  3164 | D        | Noticed a hell knight
  3165 | D        | Noticed an ettin
  3168 | D        | Noticed a white very ugly thing
  3169 | D        | Noticed a great orb of eyes
  3174 | D        | Killed a hell knight
  3174 | D        | Reached XP level 12. HP: 122/122 MP: 12/12
  3179 | D        | Killed a white very ugly thing
  3180 | D        | Killed an ettin
  3185 | D        | Killed a great orb of eyes
  3185 | D        | Reached skill level 22 in Polearms
  3321 | D        | Noticed an eight-headed hydra
  3323 | D        | Received a gift from Trog
  3332 | D        | Killed a four-headed hydra
  3338 | D        | Noticed a green very ugly thing
  3353 | D        | Killed a green very ugly thing
  3353 | D        | Received a gift from Trog
  3353 | D        | Reached skill level 23 in Polearms
  3844 | D        | Noticed a merfolk impaler
  3844 | D        | Noticed a satyr
  3845 | D        | Noticed a merfolk javelineer
  3858 | D        | Killed a merfolk impaler
  3874 | D        | Shot with a sling bullet by a satyr

Illustrated notes

Levels and vault maps discovered:
D:        linesprint [early_d, line_temple, items_1, d_10, items_2, lair_1,
          lair_end, items_3, orc_1, orc_end, items_4, d_15, swamp_1, shoals_1,
          snake_1, spider_1, d_20, vaults_1, items_5, swamp_end, shoals_end,
          snake_end, spider_end, vaults_end, d_27, items_6, zot_1, zot_end,
          crypt_end, forest_end, elf_end, slime_end, tomb_end, abyss_end,
          pan_hell_end]

Skill      XL: |  1  2  3  4  5  6  7  8  9 10 11 12 |
---------------+-------------------------------------+-----
Dodging        | 4 5 6 8 9 10 11 | 11.7
Fighting       | 5 6 7 8 9 11 13 14 15 16 | 16.8
Polearms       | 4 6 8 9 11 13 15 17 21 23 | 23.4
Stealth        | 1 2 4 5 6 7 |  7.0

Action                   |  1- 3 |  4- 6 |  7- 9 | 10-12 || total
-------------------------+-------+-------+-------+-------++-------
Melee: Spear             |    22 |     4 |       |       ||    26
       Tailslap          |     2 |     4 |    12 |    20 ||    38
       Halberd           |       |    28 |    56 |       ||    84
       Glaive            |       |       |    22 |   165 ||   187
       Bardiche          |       |       |       |    70 ||    70
Invok: Berserk           |     1 |     2 |     3 |    11 ||    17
       Brothers in Arms  |       |       |       |     3 ||     3
 Abil: Breathe Dispellin |       |       |       |     1 ||     1
  Use: Potion            |       |       |     1 |     2 ||     3
       Scroll            |       |       |     1 |     1 ||     2
 Stab: Sleeping          |     1 |       |     1 |     2 ||     4
Armor: Skin              |     4 |     2 |     8 |    17 ||    31
Dodge: Dodged            |    14 |    14 |    42 |    73 ||   143
Block: Other             |       |       |       |     5 ||     5

Table legend: (Time is in decaauts)
 A = Elapsed time spent in this place.
 B = Non-inter-level travel time spent in this place.
 C = Inter-level travel time spent in this place.
 D = Time resting spent in this place.
 E = Time spent auto-exploring this place.
 F = Levels seen in this place.
 G = Mean time per level.
                   A        B        C        D        E       F      G
               +--------+--------+--------+--------+--------+-----+--------+
         Total |   3951 |   3951 |      0 |   2634 |    298 |   1 | 3951.0 |
       Dungeon |   3951 |   3951 |      0 |   2634 |    298 |   1 | 3951.0 |
               +--------+--------+--------+--------+--------+-----+--------+

Top non-repeatable levels by time:
       D: 3951 daAuts
